 Dungeon Crawl Stone Soup version 0.28.0-45-g0d030f2227 (webtiles) character file.

Game seed: 18237241938650293458

338 Ablot the Cutter (level 6, 0/53 HPs)
             Began as a Gnoll Chaos Knight on Apr 20, 2022.
             Was a Plaything of Xom.
             Slain by a black bear (3 damage)
             ... on level 4 of the Dungeon.
             The game lasted 00:04:20 (3257 turns).

Ablot the Cutter (Gnoll Chaos Knight)               Turns: 3257, Time: 00:04:21

Health: 0/53       AC:  8    Str: 13    XL:     6   Next: 55%
Magic:  9/9        EV: 12    Int: 12    God:    Xom [.*....]
Gold:   136        SH:  0    Dex: 11    Spells: 9/9 levels left

rFire   + . .      SeeInvis .   a - +0 short sword (chaos)
rCold   . . .      Faith    .   (no shield)
rNeg    . . .      Spirit   .   b - +2 leather armour
rPois   +          Reflect  .   (no helmet)
rElec   .          Harm     .   (no cloak)
rCorr   .          Rampage  .   l - +2 pair of gloves
Will    .....                   (no boots)
Stlth   ++........              (no amulet)
HPRegen 0.17/turn               o - ring of protection from fire
MPRegen 0.11/turn               (no ring)

@: no status effects
A: fangs 1, strong nose, distributed training, poison resistance
a: Renounce Religion


You were on level 4 of the Dungeon.
You worshipped Xom.
You were a plaything of Xom.
You visited 1 branch of the dungeon, and saw 4 of its levels.

You collected 136 gold pieces.

Inventory:

Hand Weapons
 a - a +0 short sword of chaos (weapon)
Missiles
 c - 14 sling bullets
 e - 139 stones
 g - 45 arrows
 j - 11 poisoned darts (quivered)
Armour
 b - a +2 leather armour (worn)
 l - a +2 pair of gloves (worn)
Jewellery
 o - a ring of protection from fire (left hand)
Scrolls
 d - 2 scrolls of teleportation {unknown}
 f - 2 scrolls of enchant armour {unknown}
 i - a scroll of fog {unknown}
 m - a scroll of blinking {unknown}
 q - a scroll of immolation {unknown}
Potions
 h - a potion of attraction {unknown}
 k - a potion of brilliance {unknown}
 n - a potion of curing {unknown}
 p - a potion of ambrosia {unknown}


   Skills:
 + Level 6.8 Fighting
 + Level 6.8 Short Blades
 + Level 2.0 Long Blades
 + Level 2.0 Axes
 + Level 2.0 Maces & Flails
 + Level 2.0 Polearms
 + Level 2.0 Staves
 + Level 2.0 Slings
 + Level 2.0 Bows
 + Level 2.0 Crossbows
 + Level 2.0 Throwing
 + Level 5.0 Armour
 + Level 3.3 Dodging
 + Level 2.0 Stealth
 + Level 2.0 Shields
 + Level 2.0 Unarmed Combat
 + Level 2.0 Spellcasting
 + Level 1.6 Conjurations
 + Level 1.6 Hexes
 + Level 1.6 Summonings
 + Level 1.6 Necromancy
 + Level 1.6 Translocations
 + Level 1.6 Transmutations
 + Level 1.6 Fire Magic
 + Level 1.6 Ice Magic
 + Level 1.6 Air Magic
 + Level 1.6 Earth Magic
 + Level 1.6 Poison Magic
 + Level 2.2 Invocations
 + Level 2.0 Evocations


You had 9 spell levels left.
You didn't know any spells.
Your spell library contained the following spells:

 Spells                   Type           Power      Damage    Failure   Level
 Summon Lightning Spire   Summ/Air       5%         N/A       86%         4
 Storm Form               Tmut/Air       2%         N/A       100%        7
 Borgnjor's Revivificati  Necr           2%         N/A       100%        8
 Maxwell's Capacitive Co  Air            2%         ∞         100%        8
 Necromutation            Tmut/Necr      2%         N/A       100%        8
 Death's Door             Necr           2%         N/A       100%        9


Dungeon Overview and Level Annotations

Branches:
Dungeon (4/15)
 Temple: D:4-7

Altars:
Dithmenos
Trog
Uskayaw

Shops:
D:3 :


Innate Abilities, Weirdness & Mutations

You have very sharp teeth.
Your uncanny sense of smell can sniff out nearby items.
Your experience applies equally to all skills.
Your system is resistant to poisons. (rPois)


Message History

The black bear is moderately wounded.
The black bear misses you. The black bear claws you. x2
Unknown command.
You hit the black bear. You burn the black bear.
The black bear is heavily wounded.
The black bear bites you but does no damage.
The black bear claws you.
* * * LOW HITPOINT WARNING * * *
The black bear misses you.
Unknown command.
You barely miss the black bear.
The black bear is heavily wounded.
Unknown command.
You hit the black bear. You burn the black bear.
The black bear is severely wounded.
The black bear barely misses you.
The black bear claws you but does no damage.
The black bear closely misses you.
Unknown command.
You closely miss the black bear.
The black bear is severely wounded.
The kobold brigand hits you with a +0 short sword.
* * * LOW HITPOINT WARNING * * *
The black bear goes berserk!
Xom thinks this is hilarious!
Unknown command.
You completely miss the black bear.
The black bear is severely wounded.
The black bear closely misses you.
The black bear claws you but does no damage.
The black bear claws you.
* * * LOW HITPOINT WARNING * * *
Unknown command.
You hit the black bear. Your bite misses the black bear.
The black bear is almost dead.
The kobold brigand hits you with a +0 short sword.
* * * LOW HITPOINT WARNING * * *
The black bear barely misses you. x2; The black bear claws you.
You die...
Xom roars with laughter!

#.## #.#.# #... #.#.#
#.. #.#.##.# ####..
#.#.##.#
..#.#######.#.##.# .###
#.#.#...#...#.##.#
.....##.#.#.#.#.###.....
.......K................
#....#@###......#......
#....h.##......##.)....
#....###..........†....
#.... #.......###.....
..... #.......# #.....
..$.. .........# #.....
..## ###......# ##.#.#
.. . #.#.# #.#.#


You could see a black bear (berserk, strong, very poisoned) and a kobold
brigand.

Vanquished Creatures
  Sigmund (D:3)
  Terence (D:3)
  A hound skeleton (D:3)
  3 gnolls (D:3)
  2 adders (D:2)
  A worm (D:2)
  7 dart slugs
  4 orcs (D:3)
  3 ball pythons
  3 bats
  3 endoplasms
  5 giant cockroaches
  2 goblins
  9 hobgoblins
  7 jackals
  2 quokkas
  4 frilled lizards
  8 kobolds
  6 rats
72 creatures vanquished.

Vanquished Creatures (collateral kills)
  A quokka (D:3)
1 creature vanquished.

Grand Total: 73 creatures vanquished

Notes
Turn   | Place    | Note
-------+----------+-------------------------------------------
     0 | D:1      | Ablot the Gnoll Chaos Knight began the quest for the Orb.
     0 | D:1      | Reached XP level 1. HP: 23/23 MP: 1/1
    91 | D:1      | Reached XP level 2. HP: 24/29 MP: 2/2
   253 | D:1      | XOM: silly message
   647 | D:1      | Reached XP level 3. HP: 31/35 MP: 3/3
   821 | D:1      | XOM: cloud trail
   908 | D:2      | Found a faded altar of an unknown god.
   915 | D:2      | Reached skill level 1 in Invocations
   964 | D:2      | XOM: divination: detect items
   989 | D:2      | XOM: scenery: summon butterflies
  1038 | D:2      | Reached skill level 1 in Long Blades
  1038 | D:2      | Reached skill level 1 in Axes
  1038 | D:2      | Reached skill level 1 in Maces & Flails
  1038 | D:2      | Reached skill level 1 in Polearms
  1038 | D:2      | Reached skill level 1 in Staves
  1038 | D:2      | Reached skill level 1 in Slings
  1038 | D:2      | Reached skill level 1 in Bows
  1038 | D:2      | Reached skill level 1 in Crossbows
  1038 | D:2      | Reached skill level 1 in Throwing
  1038 | D:2      | Reached skill level 1 in Stealth
  1038 | D:2      | Reached skill level 1 in Shields
  1038 | D:2      | Reached skill level 1 in Unarmed Combat
  1038 | D:2      | Reached skill level 1 in Spellcasting
  1038 | D:2      | Reached skill level 1 in Evocations
  1053 | D:2      | Reached XP level 4. HP: 41/41 MP: 5/5
  1070 | D:2      | Found a hide-covered altar of Uskayaw.
  1070 | D:2      | XOM: 3-stop teleportation journey
  1444 | D:2      | XOM: smoke on damage
  1461 | D:2      | Reached skill level 1 in Conjurations
  1461 | D:2      | Reached skill level 1 in Hexes
  1461 | D:2      | Reached skill level 1 in Summonings
  1461 | D:2      | Reached skill level 1 in Necromancy
  1461 | D:2      | Reached skill level 1 in Translocations
  1461 | D:2      | Reached skill level 1 in Transmutations
  1461 | D:2      | Reached skill level 1 in Fire Magic
  1461 | D:2      | Reached skill level 1 in Ice Magic
  1461 | D:2      | Reached skill level 1 in Air Magic
  1461 | D:2      | Reached skill level 1 in Earth Magic
  1461 | D:2      | Reached skill level 1 in Poison Magic
  1846 | D:3      | Reached XP level 5. HP: 18/47 MP: 5/7
  1858 | D:3      | XOM: smoke on damage
  2060 | D:3      | XOM: scenery: summon butterflies
  2121 | D:3      | XOM: give mutation
  2121 | D:3      | Gained mutation: Your system is resistant to poisons.
                  | (rPois) [Xom's grace]
  2155 | D:3      | Noticed Terence
  2166 | D:3      | Killed Terence
  2190 | D:3      | XOM: god gift: scroll labelled SUTANE XAMNOW {god gift}
  2360 | D:3      | XOM: divination: detect items
  2424 | D:3      | XOM: silly message
  2501 | D:3      | Found a bloodstained altar of Trog.
  2503 | D:3      | Found a shadowy altar of Dithmenos.
  2598 | D:3      | Noticed Sigmund
  2605 | D:3      | XOM: summons friendly ufetubus
  2615 | D:3      | Killed Sigmund
  2616 | D:3      | Reached skill level 5 in Armour
  2616 | D:3      | Reached XP level 6. HP: 7/53 MP: 7/9
  2616 | D:3      | Found Elonam's Book Boutique.
  2946 | D:3      | XOM: noise
  3242 | D:4      | Noticed a black bear
  3257 | D:4      | Slain by a black bear

Illustrated notes

Levels and vault maps discovered:
D:1:      dpeg_arrival_simpleton_c, layout_basic
D:2:      layout_basic, basic_ecumenical_altar, basic_altar,
          minmay_split_cup_large
D:3:      layout_basic, nicolae_overflow_hidden_temple, serial_shops,
          shop_fountains, uniq_terence, uniq_sigmund
D:4:      layout_basic, nicolae_yredelemnul_ghost_church,
          uniq_crazy_yiuf_cottage, uniq_grinder

Skill      XL: |  1  2  3  4  5 |
---------------+----------------+-----
Invocations    | 1 2 |  2.2
Long Blades    | 1 2 |  2.0
Axes           | 1 2 |  2.0
Maces & Flails | 1 2 |  2.0
Polearms       | 1 2 |  2.0
Staves         | 1 2 |  2.0
Slings         | 1 2 |  2.0
Bows           | 1 2 |  2.0
Crossbows      | 1 2 |  2.0
Throwing       | 1 2 |  2.0
Stealth        | 1 2 |  2.0
Shields        | 1 2 |  2.0
Unarmed Combat | 1 2 |  2.0
Spellcasting   | 1 2 |  2.0
Evocations     | 1 2 |  2.0
Conjurations   | 1 |  1.6
Hexes          | 1 |  1.6
Summonings     | 1 |  1.6
Necromancy     | 1 |  1.6
Translocations | 1 |  1.6
Transmutations | 1 |  1.6
Fire Magic     | 1 |  1.6
Ice Magic      | 1 |  1.6
Air Magic      | 1 |  1.6
Earth Magic    | 1 |  1.6
Poison Magic   | 1 |  1.6
Dodging        | 3 |  3.3
Armour         | 5 |  5.0
Fighting       | |  6.8
Short Blades   | |  6.8

Action                   |  1- 3 |  4- 6 || total
-------------------------+-------+-------++-------
Melee: Short sword       |   125 |   164 ||   289
       Bite              |     6 |    25 ||    31
       Punch             |     1 |     5 ||     6
 Stab: Sleeping          |     1 |       ||     1
       Distracted        |       |     2 ||     2
Armor: Leather armour    |    53 |    42 ||    95
Dodge: Dodged            |   113 |    95 ||   208
